 Dungeon Crawl Stone Soup version 0.26.0-18-gc5c842f807 (webtiles) character file.

Game seed: 8964691597239357805

223 kaeus the Skirmisher (level 5, 0/42 HPs)
             Began as a Demonspawn Fighter on Jan 22, 2021.
             Succumbed to an orc's poison
             ... on level 3 of the Dungeon.
             The game lasted 00:01:42 (2344 turns).

kaeus the Skirmisher (Demonspawn Fighter)           Turns: 2344, Time: 00:01:42

Health: 0/42       AC:  9    Str: 17    XL:     5   Next: 66%
Magic:  5/5        EV:  7    Int:  9    God:
Gold:   89         SH:  9    Dex: 13    Spells: 4/4 levels left

rFire    . . .     SeeInvis .   a - +0 war axe
rCold    . . .     Faith    .   c - +0 kite shield
rNeg     . . .     Spirit   .   b - +0 scale mail
rPois    .         Reflect  .   (no helmet)
rElec    .         Harm     .   (no cloak)
rCorr    .         Rampage  .   (no gloves)
Will     .....                  (no boots)
Stlth    ..........             (no amulet)
HPRegen  0.14/turn              (no ring)
MPRegen  0.09/turn              (no ring)

@: lethally poisoned (0 -> -11), about to teleport
A: yellow scales 1, miasma immunity
a: no special abilities


You were on level 3 of the Dungeon.
You visited 1 branch of the dungeon, and saw 3 of its levels.

You collected 89 gold pieces.

Inventory:

Hand Weapons
 a - a +0 war axe (weapon)
Armour
 b - a +0 scale mail (worn)
 c - a +0 kite shield (worn)
Wands
 f - a wand of polymorph (5)
Scrolls
 d - a scroll of enchant weapon {unknown}
 e - 2 scrolls of teleportation
 g - a scroll of identify {unknown}
 h - a scroll of remove curse {unknown}


   Skills:
 + Level 4.1 Fighting
 + Level 3.1 Axes
 + Level 3.7 Armour
 + Level 3.7 Shields


You had 4 spell levels left.
You didn't know any spells.
Your spell library was empty.

Dungeon Overview and Level Annotations

Branches:
Dungeon (3/15)

Altars:
Kikubaaqudgha
Beogh


Innate Abilities, Weirdness & Mutations

You are partially covered in yellow scales. (AC +2)
You are immune to miasma.


Message History

You feel sick.
You take 1 damage, and have 7/42 hp.
* * * LOW HITPOINT WARNING * * *
You feel sick.
You take 1 damage, and have 6/42 hp.
* * * LOW HITPOINT WARNING * * *
You feel sick.
You take 2 damage, and have 4/42 hp.
* * * LOW HITPOINT WARNING * * *
You feel sick.
You take 1 damage, and have 3/42 hp.
* * * LOW HITPOINT WARNING * * *
You feel sick.
You take 1 damage, and have 2/42 hp.
* * * LOW HITPOINT WARNING * * *
You feel sick.
You take 1 damage, and have 1/42 hp.
As you read the scroll labelled GEOSUENOZE, it crumbles to dust.
You feel strangely unstable.
It was a scroll of teleportation.
You die...

#.##..#.### #.........#
.......
####....#.####...........
####..#.##.............
##..(........##..#......
##..)()........#...#....
#...............##....##
#.<.............#......#.
#.........@.....#)[......
#........................
##........................
#.................#.......
###.......................
##...........##.###...##
####......####... ####
######..###...# ###...
#...#..##.....# ###.


There were no monsters in sight!

Vanquished Creatures
  A centaur skeleton (D:2)
  An orc priest (D:2)
  Jessica (D:2)
  2 orc wizards (D:2)
  3 adders
  An ooze (D:3)
  2 dart slugs
  A leopard gecko (D:1)
  6 orcs
  2 bats (D:1)
  3 giant cockroaches
  6 hobgoblins
  3 jackals (D:1)
  A quokka (D:2)
  A ball python (D:2)
  4 frilled lizards
  4 goblins
  8 kobolds
  3 rats
53 creatures vanquished.

Vanquished Creatures (others)
  5 withered plants (D:2)
5 creatures vanquished.

Grand Total: 58 creatures vanquished

Notes
Turn   | Place    | Note
-------+----------+-------------------------------------------
     0 | D:1      | kaeus the Demonspawn Fighter began the quest for the Orb.
     0 | D:1      | Reached XP level 1. HP: 18/18 MP: 1/1
   294 | D:1      | Gained mutation: You are immune to miasma. [demonic
                  | ancestry]
   294 | D:1      | Reached XP level 2. HP: 24/24 MP: 2/2
   992 | D:1      | Found a roughly hewn altar of Beogh.
   997 | D:1      | Noticed an orc warrior
  1150 | D:2      | Noticed Jessica
  1168 | D:1      | Reached XP level 3. HP: 6/29 MP: 3/3
  1432 | D:2      | Killed Jessica
  1510 | D:2      | Gained mutation: You are partially covered in yellow
                  | scales. (AC +2) [demonic ancestry]
  1510 | D:2      | Reached XP level 4. HP: 27/36 MP: 4/4
  1607 | D:2      | Reached XP level 5. HP: 18/42 MP: 5/5
  2101 | D:2      | Reached skill level 4 in Fighting
  2181 | D:2      | Found an ancient bone altar of Kikubaaqudgha.
  2342 | D:3      | HP: 2/42 [poisoned by an orc]
  2344 | D:3      | Succumbed to an orc's poison

Illustrated notes

Levels and vault maps discovered:
D:1:      erik_arrival_cave_to_civilisation [erik_arrival_cave_to_temple],
          layout_basic
D:2:      layout_rooms, kiku_gazebo_garden_becter, uniq_jessica
D:3:      layout_rooms

Skill      XL: |  1  2  3  4  5 |
---------------+----------------+-----
Axes           | 2 3 |  3.1
Armour         | 3 |  3.7
Shields        | 3 |  3.7
Fighting       | 4 |  4.1

Action                   |  1- 3 |  4- 6 || total
-------------------------+-------+-------++-------
Melee: War axe           |    68 |    59 ||   127
  Use: Potion            |       |     2 ||     2
       Scroll            |       |     1 ||     1
Armor: Scale mail        |    55 |    39 ||    94
       Skin              |       |     3 ||     3
Dodge: Dodged            |    18 |    17 ||    35
Block: Kite shield       |    42 |    32 ||    74
